 Dungeon Crawl Stone Soup version 0.31-a0-202-g547052bce9 (webtiles) character file.

Game seed: 2422693862923901525

85 qw the Shooter (level 4, -1/25 HPs)
             Began as a Deep Elf Hunter on June 26, 2023.
             Slain by a goblin
             ... wielding a +0 club
             ... led by Robin
              (2 damage)
             ... on level 3 of the Dungeon.
             The game lasted 00:00:31 (1099 turns).

qw the Shooter (Deep Elf Hunter)                    Turns: 1099, Time: 00:00:31

Health: -1/25      AC:  5    Str: 10    XL:     4   Next: 25%
Magic:  6/6        EV: 12    Int: 14    God:
Gold:   581        SH:  0    Dex: 18    Spells: 3/3 levels left

rFire   + + .        Y - +1 shortbow
rCold   . . .        (shield currently unavailable)
rNeg    . . .        b - +2 leather armour {rF+}
rPois   .            (no helmet)
rElec   .            (no cloak)
rCorr   .            (no gloves)
SInv    .            (no boots)
Will    +....        (no amulet)
Stlth   ++           c - ring of protection from fire
HPRegen 0.24/turn    g - ring of willpower
MPRegen 0.10/turn

%: no passive effects
@: no status effects
A: no striking features
a: no special abilities


You were on level 3 of the Dungeon.
You visited 1 branch of the dungeon, and saw 3 of its levels.

You collected 581 gold pieces.


   Skills:
 - Level 1.5 Fighting
 + Level 7.7 Ranged Weapons
 - Level 2.4 Dodging
 - Level 1.2 Stealth


You had 3 spell levels left.
You didn't know any spells.
Your spell library was empty.

Inventory:

Hand Weapons
 Y - a +1 shortbow (weapon)
Armour
 b - a +2 leather armour of fire resistance (worn)
 d - a +0 ring mail
Jewellery
 c - a ring of protection from fire (left hand)
 g - a ring of willpower (right hand)
Scrolls
 a - a scroll of teleportation {unknown}
 h - a scroll of fear {unknown}
Potions
 e - a potion of degeneration {unknown}
 f - a potion of curing {unknown}

Dungeon Overview and Level Annotations

Branches:
Dungeon (3/15)

Altars:


Message History

Robin is almost dead.
The hobgoblin barely misses you. The goblin misses you.
The hobgoblin barely misses you. The goblin hits you with a +0 dagger.
You shoot an arrow. The arrow hits Robin.
You kill Robin!
The hobgoblin misses you. The goblin misses you. The hobgoblin misses you.
The goblin misses you.
You shoot an arrow. The arrow barely misses the goblin.
The hobgoblin misses you. The hobgoblin hits you.
The goblin barely misses you. x3
The hobgoblin barely misses you. The hobgoblin misses you.
The goblin hits you with a +0 dagger. x2
You shoot an arrow. The arrow closely misses the goblin.
The goblin no longer looks unusually strong. x2
The goblin closely misses you. The goblin hits you but does no damage.
The goblin closely misses you. The hobgoblin hits you.
The goblin closely misses you. The hobgoblin closely misses you.
The goblin hits you but does no damage.
You shoot an arrow. The arrow barely misses the goblin.
The hobgoblin no longer looks unusually strong.
The goblin closely misses you. The goblin hits you with a +0 dagger.
The goblin misses you. The hobgoblin hits you. The goblin closely misses you.
The hobgoblin barely misses you. The goblin barely misses you.
You shoot an arrow. The arrow hits the goblin.
The goblin is severely wounded.
The goblin no longer looks unusually strong.
The goblin hits you with a +2 dagger of pain.
The goblin completely misses you. x2
The hobgoblin hits you but does no damage.
The goblin misses you. The hobgoblin closely misses you.
The goblin hits you with a +0 dagger.
You shoot an arrow. The arrow hits the goblin.
You kill the goblin!
The goblin no longer looks unusually strong.
The goblin hits you but does no damage. The hobgoblin misses you.
The goblin barely misses you. The goblin hits you with a +0 club.
The hobgoblin closely misses you. The goblin misses you.
You shoot an arrow. The arrow barely misses the goblin.
The goblin no longer looks unusually strong.
The goblin hits you with a +0 club.
You die...

#....
#.##.............
#....
#.########....~~
#.....#.# ......
#.%...#.#######.....
...................
#######.####.......
...................
#.........gg)......
#.........g@g......
#....######gg......
#....


gg....... #... .(......## #... .........# ..........# .............
....##........ You could see 3 hobgoblins and 5 goblins.

Vanquished Creatures
  Jessica (D:3)
  Robin (D:3)
  An adder (D:2)
  5 ball pythons
  2 bats (D:1)
  6 endoplasms
  A giant cockroach (D:2)
  5 goblins
  3 hobgoblins
  4 kobolds
  2 frilled lizards (D:2)
  7 rats
38 creatures vanquished.

Notes
Turn   | Place    | Note
-------+----------+-------------------------------------------
     0 | D:1      | qw the Deep Elf Hunter began the quest for the Orb.
     0 | D:1      | Reached XP level 1. HP: 12/12 MP: 3/3
     0 | D:1      | 0 ||| qw: Version: 0.3-a-22-g0ed2b0b
     0 | D:1      | 0 ||| qw: Game counter: 6023
     0 | D:1      | 0 ||| qw: Melee chars always use a shield: true
     0 | D:1      | 0 ||| qw: God list: Okawaru
     0 | D:1      | 0 ||| qw: Allow faded altars: false
     0 | D:1      | 0 ||| qw: Do Orc after clearing Dungeon:15 true
     0 | D:1      | 0 ||| qw: Do second Lair branch before Depths: true
     0 | D:1      | 0 ||| qw: Lair rune preference: random
     0 | D:1      | 0 ||| qw: Goals: Normal
     0 | D:1      | 0 ||| PLANNING D:1-11
   126 | D:1      | Reached XP level 2. HP: 16/16 MP: 4/4
   168 | D:1      | Reached skill level 6 in Ranged Weapons
   428 | D:1      | 428 ||| UPGRADING to +0 ring mail.
   438 | D:1      | 438 ||| DROPPING +0 leather armour.
   439 | D:1      | 439 ||| READING 2 scrolls labelled PIWINOHUAL.
   440 | D:1      | 440 ||| READING scroll labelled BASTUCO NIDD.
   441 | D:1      | 441 ||| READING scroll labelled SAN YG EPEISCH.
   442 | D:1      | 442 ||| READING scroll labelled SOFRYU XIJO.
   443 | D:1      | 443 ||| DROPPING scroll of noise.
   444 | D:1      | 444 ||| DROPPING scroll of butterflies.
   638 | D:2      | Reached XP level 3. HP: 20/20 MP: 5/5
   712 | D:2      | Identified the +6 hand axe of Intuition {heavy, Fragile
                  | Dex+7}
   963 | D:2      | Reached skill level 7 in Ranged Weapons
  1001 | D:2      | 1001 ||| UPGRADING to +2 leather armour of fire resistance.
  1011 | D:2      | 1011 ||| UPGRADING to ring of protection from fire.
  1012 | D:2      | 1012 ||| UPGRADING to ring of willpower.
  1013 | D:2      | 1013 ||| READING scroll labelled XIVVUQ JUCU.
  1013 | D:2      | Identified a scroll of acquirement
  1013 | D:2      | 1013 ||| ACQUIRING 535 gold pieces
  1013 | D:2      | Acquired 535 gold pieces
  1015 | D:2      | 1015 ||| READING scroll labelled UDAABU VECHI.
  1071 | D:3      | Noticed Jessica
  1081 | D:3      | Killed Jessica
  1081 | D:3      | Noticed Robin
  1082 | D:3      | Reached XP level 4. HP: 25/25 MP: 6/6
  1093 | D:3      | Killed Robin
  1097 | D:3      | HP: 5/25 [goblin/+2 dagger of pain[Robin] (3)]
  1098 | D:3      | HP: 1/25 [goblin/+0 club[Robin] (2)]
  1099 | D:3      | Slain by a goblin

Levels and vault maps discovered:
D:1:      dpeg_arrival_pits, layout_rooms, minmay_tall_x
D:2:      layout_loops_cross
D:3:      layout_basic, mainiacjoe_overflow_catwalk,
          chequers_serial_rivers_large_a, uniq_grinder, uniq_jessica, uniq_robin

Skill      XL: |  1  2  3 |
---------------+----------+-----
Ranged Weapons | 6 7 |  7.7
Fighting       | |  1.5
Dodging        | |  2.4
Stealth        | |  1.2

Action                     |  1- 3 |  4- 6 || total
---------------------------+-------+-------++-------
   Fire: Shortbow          |    84 |    17 ||   101
    Use: Scroll            |     6 |       ||     6
 Armour: Leather armour    |     3 |     6 ||     9
         Ring mail         |     2 |       ||     2
  Dodge: Dodged            |    12 |    40 ||    52

Table legend:
 A = Non-vault XP
 B = Vault XP
 C = Vault XP percentage of total XP
 D = Non-vault monster count
 E = Vault monster count
 F = Vault count percentage of total count
                 A         B        C        D         E       F
            +---------+---------+-------+---------+---------+-------
      Total |      61 |      61 |  50.0 |      30 |       8 |  21.1
            +---------+---------+-------+---------+---------+-------
        D:1 |      28 |       5 |  15.2 |      16 |       4 |  20.0
        D:2 |      32 |       0 |   0.0 |      13 |       0 |   0.0
        D:3 |       1 |      56 |  98.2 |       1 |       4 |  80.0
            +---------+---------+-------+---------+---------+-------
